 Dungeon Crawl Stone Soup version 0.30.1-11-g7821555f0a (webtiles) character file.

Game seed: 9558141219777854502

14189 H0rd4k the Slicer (level 12, -6/91 (94) HPs)
             Began as a Human Artificer on Dec 6, 2023.
             Was an Initiate of Gozag.
             Mangled by a salamander mystic
             ... wielding a +0 quarterstaff
              (17 damage)
             ... in a volcano on Dec 8, 2023.
             The game lasted 00:31:28 (18250 turns).

H0rd4k the Slicer (Human Artificer)                Turns: 18250, Time: 00:31:30

HP:   -6/91 (94)    AC:  2    Str: 10    XL:     12   Next: 42%
MP:   0/20          EV: 20    Int: 17    God:    Gozag
Gold: 528           SH:  0    Dex: 14    Spells: 14/20 levels left

rFire   . . .        Q - +10 short sword "Binol" {speed, rCorr}
rCold   . . .        (no shield)
rNeg    + . .        b - +0 leather armour
rPois   .            (no helmet)
rElec   .            (no cloak)
rCorr   +            v - +0 pair of gloves
SInv    .            (no boots)
Will    .....        j - amulet of guardian spirit
Stlth   +            c - ring of positive energy
HPRegen 0.35/turn    K - +5 ring of evasion
MPRegen 0.17/turn

%: guardian spirit
@: freezing walls, lightly drained
A: deformed body, high MP 1, weak 1
a: Renounce Religion, Potion Petition, Call Merchant, Bribe Branch


You were in a volcano.
You worshipped Gozag.
Gozag was pleased with you.
You visited 3 branches of the dungeon, and saw 14 of its levels.
You also visited: Ossuary and Volcano.

You collected 2100 gold pieces.
You spent 883 gold pieces at shops.
You paid 689 gold pieces to Gozag.

Inventory:

Hand Weapons
 d - the +7 longbow "Caskid" {drain, rElec Str-2 Int+2 Stlth+}
   (You bought it in a shop on level 9 of the Dungeon)

   Str:       It affects your strength (-2).
   Int:       It affects your intelligence (+2).
   rElec:     It insulates you from electricity.
   Stlth:     It makes you more stealthy.
 e - the +5 spear of the Reaper {flame, *Slow rElec rC+ Str+3}
   (You found it on level 8 of the Dungeon)

   Str:       It affects your strength (+3).
   rC:        It protects you from cold.
   rElec:     It insulates you from electricity.
   *Slow:     It may slow you when you take damage.
 k - a +3 dagger
 t - a +2 short sword
 B - a +3 dagger of draining
 P - the +3 rapier of the Clean God {protect, Int+3}
   (You bought it in a shop on level 9 of the Dungeon)

   Int:       It affects your intelligence (+3).
 Q - the +10 short sword "Binol" (weapon) {speed, rCorr}
   (You bought it in a shop on level 9 of the Dungeon)

   rCorr:     It protects you from acid and corrosion.
Missiles
 H - 6 poisoned darts (quivered)
 I - 3 atropa-tipped darts
 J - 3 curare-tipped darts
 N - 2 throwing nets
Armour
 b - a +0 leather armour (worn)
 h - a +0 cloak of fire resistance
 v - a +0 pair of gloves (worn)
 w - a +1 cloak
Magical Staves
 E - a staff of conjuration
Jewellery
 c - a ring of positive energy (left hand)
 j - an amulet of guardian spirit (around neck)
 y - an amulet of magic regeneration
 z - a ring of protection from cold
 D - an amulet of reflection
 K - a +5 ring of evasion (right hand)
Wands
 p - a wand of polymorph (5)
 u - a wand of digging (5)
 O - a wand of roots (4)
Scrolls
 f - 7 scrolls of poison
 i - 6 scrolls of teleportation
 o - 2 scrolls of amnesia
 r - 4 scrolls of immolation
 F - a scroll of enchant armour
Potions
 a - 3 potions of attraction
 g - 6 potions of brilliance
 l - 6 potions of degeneration
 m - 3 potions of curing
 n - 3 potions of resistance
 q - 4 potions of mutation
 A - 4 potions of flight
 C - 3 potions of cancellation
 G - a potion of magic
 M - a potion of lignification
Miscellaneous
 L - a box of beasts (inert)


   Skills:
 - Level 8.7 Fighting
 + Level 9.4 Short Blades
 - Level 3.4 Maces & Flails
 - Level 7.1 Polearms
 + Level 2.0 Throwing
 - Level 2.0 Armour
 - Level 8.6 Dodging
 - Level 1.0 Stealth
 * Level 4.6 Spellcasting
 * Level 4.4 Translocations
 * Level 4.3 Ice Magic
 - Level 3.0 Evocations


You had 14 spell levels left.
You knew the following spells:

 Your Spells              Type           Power      Damage    Failure   Level
a - Frozen Ramparts       Ice            36%        1d6       10%         3
b - Teleport Other        Tloc           18%        N/A       10%         3

Your spell library contained the following spells:

 Spells                   Type           Power      Damage    Failure   Level
 Freeze                   Ice            72%        1d8       3%          1
 Lesser Beckoning         Tloc           36%        N/A       4%          2
 Gell's Gravitas          Tloc           18%        N/A       10%         3
 Beastly Appendage        Tmut           6%         N/A       21%         1
 Sandblast                Erth           6%         2d5       21%         1
 Hailstorm                Conj/Ice       11%        3d5       24%         3
 Passwall                 Tmut/Erth      2%         N/A       30%         2
 Wereblood                Tmut           3%         N/A       30%         2
 Spider Form              Tmut/Pois      3%         N/A       52%         3
 Stone Arrow              Conj/Erth      6%         3d7       52%         3
 Summon Forest            Summ/Tloc      5%         N/A       91%         5
 Summon Mana Viper        Hex/Summ       3%         N/A       99%         5
 Conjure Ball Lightning   Conj/Air       1%         3x3d6     100%        6
 Summon Cactus Giant      Summ           1%         N/A       100%        6
 Discord                  Hex            1%         N/A       100%        8
 Disjunction              Tloc           9%         N/A       100%        8


Dungeon Overview and Level Annotations

Branches:
Dungeon (11/15)            Temple (1/1) D:4            Lair (2/5) D:9
 Shoals (0/4) Lair:2      Ossuary (visited)         Volcano (1/1)
  Snake: Lair:2-3    Spider: Lair:2-3       Orc: D:9-12

Altars:
Ashenzari
Cheibriados
Dithmenos
Fedhas
Gozag
Hepliaklqana
Kikubaaqudgha
Makhleb
Nemelex Xobeh
Okawaru
Qazlal
Sif Muna
Trog
Uskayaw
Vehumet
Wu Jian
Xom
Yredelemnul
Zin

Shops:
D:9 (

Annotations:
D:3 2 runed translucent doors, Ivernyr's ghost, amateur FoFi
D:9 exclusion: 2 downstairs
D:10 exclusions: downstairs and two-headed ogre


Innate Abilities, Weirdness & Mutations

Armour fits poorly on your strangely shaped body.
You have an increased reservoir of magic. (+10% MP)
You are weak. (Str -2)


Message History

You barely miss the salamander mystic.
The salamander mystic is lightly wounded.
You hit the salamander mystic.
The salamander mystic is moderately wounded.
The salamander mystic is frozen!
The wall freezes the salamander mystic.
The salamander mystic closely misses you.
You barely miss the salamander mystic.
The salamander mystic is moderately wounded.
You hit the salamander mystic.
The salamander mystic is moderately wounded.
You hit the salamander mystic but do no damage.
The salamander mystic is moderately wounded.
The wall freezes the salamander mystic but does no damage.
The salamander mystic completely misses you.
You hit the salamander mystic but do no damage.
The salamander mystic is moderately wounded.
You hit the salamander mystic but do no damage.
The salamander mystic is moderately wounded.
The wall freezes the salamander mystic but does no damage.
The salamander mystic closely misses you.
You barely miss the salamander mystic.
The salamander mystic is moderately wounded.
You puncture the salamander mystic!
The salamander mystic is heavily wounded.
You puncture the salamander mystic!
The salamander mystic is severely wounded.
The wall freezes the salamander mystic but does no damage.
The salamander mystic hits you with a +0 quarterstaff!
You are engulfed in flames!
* * * LOW HITPOINT WARNING * * *
You hit the salamander mystic but do no damage.
The salamander mystic is severely wounded.
You hit the salamander mystic.
The salamander mystic is severely wounded.
The wall freezes the salamander mystic but does no damage.
The salamander mystic hits you with a +0 quarterstaff!
* * * LOW HITPOINT WARNING * * *
You are engulfed in flames!!
You die...
Your body crumbles into a pile of gold.

#..####).# #..# #..# ...
#..####..# .... #(.'.##..#
~##.. #..####..# ~~~#.#
#..####..# §~~N..#
#.)'.##..#
§~~~#..##..####..#
~~~~~#..#@.# #..########
~~§~~~..N..####.)##8..8.##
~~§~~~#.'..#8...8.'.....8#
#~~~~~..####......'......#
####~#### #...⌠..#).)∩.∩#
~~ #......'......# ~~~
#8...8)'.....8# ~§
####.(##8..8.##
#..########


You could see a salamander mystic.

Vanquished Creatures
  Erica (Lair:1)
  A lindwurm (Lair:2)
  2 cyclopes (Volcano)
  A salamander (Volcano)
  A cane toad (Lair:1)
  Psyche (D:8)
  5 gargoyles
  Maggie (D:8)
  A komodo dragon (Lair:1)
  A troll (D:10)
  A polar bear (Lair:1)
  Sigmund (D:2)
  A wyvern (D:9)
  2 wraiths (Ossuary)
  21 yaks
  2 basilisks
  Grum (Lair:2)
  3 wargs (D:9)
  2 acid dragons (D:8)
  2 water moccasins (Lair:1)
  An ice beast (D:7)
  An orc warrior (D:8)
  A black bear (D:5)
  2 ogres
  3 wolves (Lair:1)
  A centaur (D:8)
  A phantom (D:4)
  A kobold brigand (D:8)
  9 bullfrogs
  Blork the orc (D:6)
  6 wights
  11 killer bees (D:10)
  10 howler monkeys
  A hound (D:5)
  6 orc priests
  A jelly (D:6)
  5 iguanas
  Jessica (D:2)
  A sleepcap (D:5)
  5 orc wizards
  Robin (D:2)
  A gnoll (D:10)
  3 adders
  2 shadow imps
  2 white imps
  2 dart slugs
  33 orcs
  5 endoplasms
  A giant cockroach (D:1)
  19 goblins
  11 hobgoblins
  4 quokkas
  5 ball pythons
  3 ball python skeletons (Ossuary)
  8 bats
  4 frilled lizards
  A hobgoblin skeleton (Ossuary)
  6 kobolds
  3 kobold zombies (Ossuary)
  An orc zombie (Ossuary)
  3 rats
237 creatures vanquished.

Vanquished Creatures (collateral kills)
  A salamander (Volcano)
  A troll (D:10)
  A yak (D:9)
  A gnoll sergeant (D:10)
  A jelly (D:4)
  An orc priest (D:9)
  2 gnolls (D:10)
  4 orcs
  A hobgoblin (D:4)
  A quokka (D:4)
  2 kobolds (D:4)
16 creatures vanquished.

Vanquished Creatures (others)
  A scorpion (D:4)
  A hound (D:4)
2 creatures vanquished.

Grand Total: 255 creatures vanquished

Notes
Turn   | Place    | Note
-------+----------+-------------------------------------------
     0 | D:1      | H0rd4k the Human Artificer began the quest for the Orb.
     0 | D:1      | Reached XP level 1. HP: 15/15 MP: 1/1
   159 | D:1      | Reached XP level 2. HP: 21/21 MP: 2/2
   316 | D:1      | Reached skill level 1 in Maces & Flails
   646 | D:1      | Reached XP level 3. HP: 26/26 MP: 3/3
   869 | D:2      | Noticed Jessica
   877 | D:2      | Killed Jessica
   878 | D:2      | Reached XP level 4. HP: 20/33 MP: 2/4
  1034 | D:2      | Found a bloodstained altar of Trog.
  1071 | D:2      | Noticed Robin
  1075 | D:2      | You fall into a shaft and drop 2 floors!
  1110 | D:4      | Found a sand-covered staircase.
  1118 | Ossuary  | Entered an ossuary
  1251 | Ossuary  | Noticed a wight
  1263 | Ossuary  | Killed a wight
  1264 | Ossuary  | Reached XP level 5. HP: 11/38 MP: 2/5
  1456 | Ossuary  | Noticed a flying skull
  1456 | Ossuary  | Noticed a wraith
  1467 | Ossuary  | Noticed a flying skull
  1490 | Ossuary  | Noticed a flying skull
  1581 | Ossuary  | Noticed a wraith
  1584 | Ossuary  | Killed a wraith
  1585 | Ossuary  | Reached XP level 6. HP: 36/47 MP: 4/6
  1631 | Ossuary  | Noticed a wraith
  1634 | Ossuary  | Killed a wraith
  1635 | Ossuary  | Reached XP level 7. HP: 44/55 MP: 5/7
  1676 | Ossuary  | Noticed a flying skull
  2425 | D:3      | Found a faded altar of an unknown god.
  2796 | D:3      | Found a large runed translucent door.
  2797 | D:3      | Found a large runed translucent door.
  2800 | D:3      | Noticed Ivernyr's ghost (amateur FoFi)
  3114 | D:2      | Noticed Sigmund
  3126 | D:2      | Killed Sigmund
  3127 | D:2      | Reached skill level 5 in Fighting
  3127 | D:2      | Reached skill level 2 in Short Blades
  3127 | D:2      | Reached XP level 8. HP: 46/62 MP: 6/8
  3145 | D:2      | Killed Robin
  3844 | D:4      | Reached skill level 3 in Short Blades
  4408 | D:4      | Found a staircase to the Ecumenical Temple.
  4423 | Temple   | Entered the Ecumenical Temple
  4493 | Temple   | Became a worshipper of Gozag Ym Sagoz the Greedy
  4560 | D:4      | Reached skill level 5 in Dodging
  4843 | D:5      | Entered Level 5 of the Dungeon
  5083 | D:5      | Reached skill level 4 in Short Blades
  5240 | D:5      | Found a shimmering altar of Xom.
  6040 | D:6      | Noticed Blork the orc
  6058 | D:6      | Killed Blork the orc
  6172 | D:6      | Reached XP level 9. HP: 61/69 MP: 6/9
  6244 | D:6      | Reached skill level 5 in Short Blades
  7289 | D:7      | Reached skill level 6 in Short Blades
  8592 | D:8      | Noticed Psyche
  8610 | D:8      | Killed Psyche
  8744 | D:8      | Identified the +5 spear of the Reaper {flame, *Slow rElec
                  | rC+ Str+3}
  8918 | D:8      | Noticed Maggie
  8938 | D:8      | Killed Maggie
  8939 | D:8      | Reached skill level 1 in Polearms
  8939 | D:8      | Reached XP level 10. HP: 21/79 MP: 3/10
  9770 | D:9      | Found a staircase to the Lair.
 10140 | D:9      | Found an iron altar of Okawaru.
 10301 | D:8      | Gained mutation: You have an increased reservoir of magic.
                  | (+10% MP) [potion of mutation]
 10301 | D:8      | Gained mutation: Armour fits poorly on your strangely
                  | shaped body. [potion of mutation]
 10301 | D:8      | Gained mutation: You are weak. (Str -2) [potion of
                  | mutation]
 11470 | D:9      | Reached skill level 5 in Polearms
 12048 | D:10     | Entered Level 10 of the Dungeon
 12130 | D:10     | Noticed a two-headed ogre
 12624 | D:10     | Reached XP level 11. HP: 83/87 MP: 11/13
 12635 | D:10     | Reached skill level 1 in Spellcasting
 12900 | D:10     | Found a stormy altar of Qazlal.
 14191 | D:9      | Bought a transparent rapier for 279 gold pieces
 14191 | D:9      | Identified the +3 rapier of the Clean God {protect, Int+3}
                  | (You bought it in a shop on level 9 of the Dungeon)
 14191 | D:9      | Bought a faintly glowing short sword for 248 gold pieces
 14191 | D:9      | Identified the +10 short sword "Binol" {speed, rCorr} (You
                  | bought it in a shop on level 9 of the Dungeon)
 14197 | Lair:1   | Entered Level 1 of the Lair of Beasts
 14261 | Lair:1   | Reached skill level 7 in Short Blades
 14261 | Lair:1   | Reached skill level 1 in Translocations
 14261 | Lair:1   | Reached skill level 1 in Ice Magic
 14890 | D:9      | Learned a level 3 spell: Frozen Ramparts
 14909 | D:9      | Bought a glimmering longbow for 356 gold pieces
 14909 | D:9      | Identified the +7 longbow "Caskid" {drain, rElec Str-2
                  | Int+2 Stlth+} (You bought it in a shop on level 9 of the
                  | Dungeon)
 15073 | D:11     | Found a shimmering blue altar of Sif Muna.
 15297 | D:11     | Noticed a white ugly thing
 15310 | D:11     | Noticed a manticore
 15845 | Lair:1   | Noticed Erica
 15870 | Lair:1   | Killed Erica
 15871 | Lair:1   | Reached skill level 1 in Throwing
 16118 | Lair:1   | Noticed Grum
 16145 | Lair:1   | Reached skill level 8 in Short Blades
 16815 | Lair:2   | Found a staircase to the Shoals.
 16908 | Lair:2   | Killed Grum
 16909 | Lair:2   | Reached XP level 12. HP: 67/94 MP: 14/19
 17187 | Lair:2   | Found a dark tunnel.
 17252 | Volcano  | Entered a volcano
 17789 | Volcano  | Reached skill level 9 in Short Blades
 18096 | Volcano  | Learned a level 3 spell: Teleport Other
 18220 | Volcano  | Noticed a salamander mystic
 18250 | Volcano  | Mangled by a salamander mystic

Illustrated notes

Levels and vault maps discovered:
D:1:      eino_arrival_water_star, layout_loops_ring
D:2:      layout_loops_cross, basic_altar, uniq_jessica, uniq_sigmund,
          uniq_robin
D:3:      layout_loops_ring, ebering_ghost_disaster_area, basic_ecumenical_altar
D:4:      layout_rooms, minmay_temple_entry_enclosed_plants,
          nicolae_ossuary_entry_plus, grunt_decor_cap, kennysheep_another_room,
          minmay_starry_boxes
D:5:      layout_layer_cave, lemuel_crystal_altar, corexii_checkpoint_a
D:6:      layout_basic, minmay_misc_feat_x, uniq_blork_the_orc
D:7:      layout_basic
D:8:      layout_basic, uniq_psyche, uniq_maggie
D:9:      layout_long_grid, okawaru_metal_pillars_3, erik_lair_orcish_takeover
D:10:     layout_stronghold, mainiacjoe_overflow_concentric_impassable
D:11:     layout_gridville, nicolae_sif_muna_condensation, uniq_fannar
Temple:   nicolae_temple_bog_church
Lair:1:   layout_regular_city, uniq_grum, uniq_erica
Lair:2:   layout_cave_pods, elwin_shoals_entry_rocks,
          nicolae_volcano_entry_vermiform, lemuel_fruit_fields,
          serial_bayou_shore_b
Volcano:  hellmonk_zot_springs

Skill      XL: |  1  2  3  4  5  6  7  8  9 10 11 12 |
---------------+-------------------------------------+-----
Maces & Flails | 1 2 3 |  3.4
Dodging        | 2 3 4 5 7 8 |  8.6
Fighting       | 2 3 4 5 7 8 |  8.7
Short Blades   | 2 4 6 8 9 |  9.4
Polearms       | 1 6 7 |  7.1
Spellcasting   | 3 4 |  4.6
Translocations | 3 4 |  4.4
Ice Magic      | 3 4 |  4.3
Throwing       | 1 2 |  2.0
Armour         | |  2.0
Stealth        | |  1.0
Evocations     | |  3.0

Action                     |  1- 3 |  4- 6 |  7- 9 | 10-12 || total
---------------------------+-------+-------+-------+-------++-------
  Melee: Club              |    94 |    55 |       |       ||   149
         Punch             |     2 |       |     6 |     9 ||    17
         Short sword       |       |     1 |   228 |   400 ||   629
         Dagger            |       |       |   360 |       ||   360
         Spear             |       |       |    28 |   354 ||   382
  Throw: Dart              |       |       |       |    12 ||    12
   Cast: Frozen Ramparts   |       |       |       |     6 ||     6
 Invoke: Call Merchant     |       |       |       |     1 ||     1
  Evoke: Wand              |     3 |    22 |    36 |    20 ||    81
         Box of beasts     |       |       |       |     1 ||     1
    Use: Scroll            |       |       |     9 |     9 ||    18
         Potion            |       |       |     2 |    12 ||    14
   Stab: Sleeping          |     1 |     1 |     2 |       ||     4
         Distracted        |       |     1 |       |     1 ||     2
 Armour: Leather armour    |    38 |    13 |   120 |    49 ||   220
         Skin              |       |       |     9 |       ||     9
  Dodge: Dodged            |    67 |    37 |   338 |   440 ||   882
